 Dungeon Crawl Stone Soup version 0.20.0-7-g3b7b877 (webtiles) character file.

611715 UnbalancedOne the Conqueror (level 26, -7/211 (212) HPs)
             Began as a Minotaur Fighter on May 27, 2017.
             Was a High Priest of Trog.
             Killed from afar by an ancient lich (16 damage)
             ... with a bolt of negative energy
             ... on level 5 of the Realm of Zot on May 28, 2017.
             The game lasted 07:47:04 (76960 turns).

UnbalancedOne the Conqueror (Minotaur Fighter)     Turns: 76960, Time: 07:47:05

HP:   -7/211 (212)  AC: 37    Str: 33 (34) XL:     26   Next: 78%
MP:   22/22         EV: 15    Int:  5      God:    Trog [*****.]
Gold: 4101          SH: 24    Dex: 16      Spells: 25/25 levels left

rFire    + . .     SeeInvis +   a - +4 eveningstar (holy)
rCold    . . .     Gourm    .   L - +5 shield {reflect}
rNeg     + + .     Faith    .   Q - +0 crystal plate armour
rPois    .         Spirit   .   P - +2 hat {Int+3}
rElec    +         Reflect  +   l - scarf {repulsion}
rCorr    +         Harm     .   F - +2 pair of gloves of Makhleb's Outrage {rElec Slay+2 SInv}
MR       +++..                  s - +1 pair of boots {run}
Stlth    ..........             Z - amulet of Rifomuso {rF+ MR++ Regen+ Int-2 Stlth+}
Regen    0.9/turn               r - ring "Wedgh" {rN++ Str+5 Dex+5}
MPRegen  0.2/turn               I - ring of resist corrosion

@: berserk cooldown, slowed, drained, repel missiles, very slow
A: retaliatory headbutt, horns 2, blurry vision 1, deterioration 1, dopey 1,
frail 2, screaming 2, weak 1, MP-powered wands
}: 3/15 runes: decaying, silver, gossamer
a: Berserk, Trog's Hand, Brothers in Arms, Burn Spellbooks, Renounce Religion


You were on level 5 of the Realm of Zot.
You worshipped Trog.
Trog was extremely pleased with you.
You were not hungry.

You visited 12 branches of the dungeon, and saw 56 of its levels.
You visited the Abyss 1 time.
You also visited: Labyrinth, Trove and Ice Cave.

You collected 6513 gold pieces.
You spent 2412 gold pieces at shops.

Inventory:

Hand Weapons
 a - a +4 eveningstar of holy wrath (weapon)
 b - the +9 hand crossbow of Vengeance {velocity, MR+ Str+3}
   (You bought it in a shop on level 2 of the Orcish Mines)

   Any bolt fired from it inflicts extra damage.
   It affects your strength (+3).
   It affects your resistance to hostile enchantments.
 z - a +3 demon whip of freezing
 J - a +0 eveningstar of draining
 R - a +7 antimagic morningstar
Missiles
 c - 1844 bolts
Armour
 e - a +2 plate armour of cold resistance
 l - a scarf of repulsion (worn)
 p - +2 storm dragon scales {Bai Suzhen}
 s - a +1 pair of boots of running (worn)
 F - the +2 pair of gloves of Makhleb's Outrage (worn) {rElec Slay+2 SInv}
   (You found it in a treasure trove)

   It affects your accuracy and damage with ranged weapons and melee attacks
   (+2).
   It insulates you from electricity.
   It lets you see invisible.
 L - a +5 shield of reflection (worn)
 P - a +2 hat of intelligence (worn)
 Q - a +0 crystal plate armour (worn)
 W - +2 acid dragon scales
Jewellery
 r - the ring "Wedgh" (left hand) {rN++ Str+5 Dex+5}
   (You took it off a minotaur in a labyrinth)

   [ring of dexterity]

   It affects your strength (+5).
   It affects your dexterity (+5).
   It greatly protects you from negative energy.
 y - the ring of Ymeiw {+Blink rElec MR++ MP-9 AC+2}
   (You found it on level 1 of the Swamp)

   [ring of protection]

   It affects your AC (+2).
   It insulates you from electricity.
   It affects your resistance to hostile enchantments.
   It affects your magic capacity (-9).
   It lets you blink.
 D - the ring "Alutor" {rPois Int+5 SInv}
   (You found it on level 5 of the Dungeon)

   [ring of see invisible]

   It affects your intelligence (+5).
   It protects you from poison.
   It lets you see invisible.
 I - a ring of resist corrosion (right hand)
 Z - the amulet of Rifomuso (around neck) {rF+ MR++ Regen+ Int-2 Stlth+}
   (You bought it in a shop on level 1 of the Elven Halls)

   [amulet of regeneration]

   It affects your intelligence (-2).
   It protects you from fire.
   It affects your resistance to hostile enchantments.
   It increases your rate of regeneration.
   It makes you more stealthy.
Wands
 K - a wand of digging (13/24)
 M - a wand of acid (5/15)
Scrolls
 h - 4 scrolls of holy word
 j - 10 scrolls of identify
 m - 9 scrolls of enchant armour
 n - 18 scrolls of teleportation
 o - 2 scrolls of fear
 x - a scroll of silence
 C - 5 scrolls of recharging
 G - 6 scrolls of fog
 H - a scroll of magic mapping
 N - 2 scrolls of enchant weapon
 S - 16 scrolls of remove curse
Potions
 d - 6 potions of brilliance
 g - 8 potions of flight
 i - 4 potions of berserk rage
 k - 13 potions of curing
 t - 3 potions of resistance
 u - a potion of invisibility
 v - 2 potions of agility
 B - a potion of cancellation
 E - 5 potions of haste
 O - a potion of heal wounds
 T - a potion of magic
 V - 3 potions of might
Comestibles
 f - 3 bread rations
 w - a royal jelly
 A - 3 meat rations


   Skills:
 O Level 27(26.6) Fighting
 * Level 22.3(22.0) Maces & Flails
 - Level 19.0(18.7) Crossbows
 + Level 23.2(22.9) Armour
 + Level 12.6(12.3) Dodging
 - Level 1.0(0.9) Stealth
 - Level 25.8(25.5) Shields


You had 25 spell levels left.
You didn't know any spells.

Dungeon Overview and Level Annotations

Branches:
Dungeon (15/15)            Temple (1/1) D:5            Lair (6/6) D:8
  Swamp (4/4) Lair:3       Spider (4/4) Lair:4        Slime (5/5) Lair:6
    Orc (2/2) D:11            Elf (3/3) Orc:2        Vaults (5/5) D:13
  Crypt (1/3) Vaults:3     Depths (5/5) D:15            Zot (5/5) Depths:5

Altars:
Dithmenos
Elyvilon
Kikubaaqudgha
Makhleb
Nemelex Xobeh
Okawaru
Qazlal
Trog
Yredelemnul
Zin
Beogh
Jiyva

Shops:
D:6 [   Orc:1 !   Orc:2 =*[(   Elf:1 =   Elf:2 %}   Vaults:1 (   Vaults:2 [
Vaults:5 %   Depths:1 *   Depths:3 %}([

Portals:
Hell: Depths:1 Depths:2 Depths:3 Depths:4 Depths:5
Abyss: Depths:4
Pandemonium: Depths:1 Depths:2 Depths:3
Ziggurat: Depths:1

Annotations:
D:3 Grinder
Slime:5 Royal Jelly


Innate Abilities, Weirdness & Mutations

You reflexively headbutt those who attack you in melee.
You have a pair of horns on your head.
Scrolls take you a little longer to read.
Your body sometimes deteriorates upon taking damage.
You are dopey. (Int -2)
You are very frail. (-20% HP)
You sometimes yell uncontrollably at your foes.
You are weak. (Str -2)
You expend magic power (3 MP) to strengthen your wands.


Message History

You hear a loud "Zot"!
You block the Orb Guardian's attack.
The curse toe calls on the powers of darkness!
The Orb Guardian convulses!
The golden dragon convulses!
The Killer Klown convulses!
The Orb Guardian convulses! x2
Your body is wracked with pain!
* * * LOW HITPOINT WARNING * * *
You block the Orb Guardian's attack. x2
The Killer Klown does a somersault.
Your surroundings suddenly seem different.
An ancient lich comes into view.
The ancient lich gestures at you while chanting.
Your +5 shield of reflection reflects the poison arrow!
The poison arrow hits the ancient lich.
The ancient lich partially resists.
An orb of fire comes into view.
The orb of fire glows deep purple.
The bolt of fire hits you!
The ancient lich points at you and mumbles some strange words.
The bolt of negative energy hits you! You partially resist.
You feel drained.
You die...

<.##..# ##...............
..###.#))###..####..........
........†....###............
#######.########▓▓▓▓########
......(........# #:......
#.............# #........
#.............# #.........
##..(..*.....## ..........
#.........@.# ........^.
#...........## .......^.D
#.............# .........^
#.............## .....$...§
....(.L.^......## ..........
..###########...###.f..§z2..
.# ##...f##..§.....
###...†ff^.....
#▓▓▓▓▓#▓▓▓▓▓#


You could see an orb of fire and an ancient lich.

Vanquished Creatures
  3 ancient liches
  2 orbs of fire (Zot:5)
  A juggernaut (Depths:3)
  Frederick (Depths:4)
  Bai Suzhen (Vaults:4)
  Margery (Depths:5)
  A curse toe (Zot:5)
  2 Killer Klowns (Zot:3)
  Jory (Depths:3)
  5 golden dragons
  A bone dragon (Depths:5)
  Arachne (Spider:3)
  the Enchantress (Depths:5)
  Jorgrun (Depths:5)
  7 Orb Guardians (Zot:5)
  11 tentacled monstrosities
  4 liches
  9 titans
  26 acid blobs
  An ancient champion (Vaults:3)
  4 sphinxes
  7 shadow dragons
  The ghost of CabbageHands the Tortoise, an adept TeGl of the Shining One (Spider:3)
  5 death cobs
  7 tengu reavers
  A thorn hunter (Swamp:3)
  12 storm dragons
  4 draconian monks
  Donald (Elf:3)
  Agnes (Spider:1)
  6 fire giants
  12 azure jellies
  6 draconian knights
  14 vault wardens
  3 draconian shifters (Zot:3)
  3 orc warlords
  6 frost giants
  6 deep elf sorcerers
  6 draconian scorchers
  An iron dragon (Depths:4)
  7 ghost moths
  13 emperor scorpions
  18 ironheart preservers
  3 curse skulls
  3 deep elf elementalists
  A war gargoyle (Vaults:5)
  A reaper (IceCv)
  2 draconian annihilators
  19 very ugly things
  A ghoul (Vaults:3)
  4 spriggan defenders
  5 entropy weavers
  The ghost of Gazorpazorpfield the Protected, a journeyman MiFi of Makhleb (Lair:6)
  A vampire knight (Depths:4)
  23 stone giants
  The ghost of Collect0em0all the Bludgeoner, a journeyman GrMo of Gozag (D:12)
  3 green draconians
  14 black draconians
  6 purple draconians
  4 deep elf annihilators
  7 red draconians
  2 small abominations
  4 large abominations
  6 spark wasps
  3 white draconians
  3 deep elf demonologists
  5 yellow draconians
  4 deep elf death magi
  2 jiangshi (Crypt:1)
  3 death oozes
  9 ettins
  14 fire dragons
  8 yaktaur captains
  5 deep elf high priests
  8 great orbs of eyes
  A ghost crab (Swamp:2)
  Fannar (Lair:3)
  12 ice dragons
  3 rakshasas
  22 hydras
  11 ogre magi
  A catoblepas (D:15)
  10 spriggan air magi
  27 vault guards
  2 caustic shrike simulacra
  2 death knights
  2 death yaks (Lair:3)
  35 two-headed ogres
  8 deep troll earth magi
  A queen ant (Lair:6)
  4 alligators
  8 centaur warriors
  7 deep troll shamans
  A vampire mage (Depths:1)
  29 dancing weapons
  4 tengu warriors
  4 orc high priests
  3 thrashing horrors
  8 spriggan berserkers
  A shock serpent (shapeshifter) (Depths:1)
  21 deep elf knights
  7 iron trolls
  14 hell knights
  A sixfirhy (Abyss:4)
  A titan skeleton (Depths:2)
  A wretched star (Abyss:4)
  A shadow wraith (Vaults:4)
  2 flayed ghosts
  3 skeletal warriors (D:13)
  2 fire crabs (Lair:6)
  A salamander mystic (Depths:2)
  2 unseen horrors (Vaults:1)
  7 swamp dragons
  A tengu zombie (Vaults:4)
  A storm dragon skeleton (Vaults:4)
  31 deep trolls
  2 spriggan druids
  8 wizards
  2 starcursed masses (Abyss:4)
  17 orc knights
  19 ironbrand convokers
  Pikel (D:7)
  A mana viper (shapeshifter) (Vaults:3)
  3 phantasmal warriors (Vaults:5)
  A lindwurm (Lair:3)
  6 shambling mangroves
  14 deep elf archers
  3 orb spiders (shapeshifter)
  A fire giant zombie (Depths:2)
  2 harpies (shapeshifter)
  9 necromancers
  26 wolf spiders
  A shadow dragon skeleton (Depths:2)
  An oklob plant (Lair:6)
  13 orb spiders
  3 manticores
  57 deep elf magi
  8 cyclopes
  4 orc sorcerers
  3 salamanders (Depths:2)
  An iron dragon skeleton (Depths:4)
  28 ugly things
  3 shining eyes
  An elf zombie (Vaults:5)
  2 salamanders (shapeshifter)
  15 moths of wrath
  2 ice statues (IceCv)
  A moth of wrath (shapeshifter) (Depths:5)
  Joseph (D:7)
  3 molten gargoyles (Lair:6)
  A water nymph (shapeshifter) (Depths:2)
  6 elephants (Lair:6)
  A frost giant skeleton (Depths:2)
  4 smoke demons (Abyss:4)
  A fire giant skeleton (Depths:2)
  4 torpor snails
  5 black mambas
  14 vault sentinels
  An eye of devastation (Slime:4)
  12 spiny frogs
  A spiny frog (shapeshifter) (Vaults:2)
  7 centaur skeletons
  4 gargoyles
  2 kobold demonologists (D:11)
  3 rime drakes
  11 freezing wraiths
  50 yaktaurs
  A rime drake (shapeshifter) (Vaults:3)
  A tormentor (Abyss:4)
  2 efreet (D:15)
  11 komodo dragons
  8 ice devils (IceCv)
  8 demonic crawlers
  An elf skeleton (Depths:2)
  The ghost of heteroy the Thaumaturge, a novice DEAM (D:4)
  2 tengu conjurers (D:13)
  7 trolls
  28 jumping spiders
  A wind drake (shapeshifter) (Vaults:3)
  2 meliai
  A queen bee (shapeshifter) (Vaults:5)
  A hornet (shapeshifter) (Vaults:4)
  Prince Ribbit (D:7)
  A meliai zombie (D:14)
  5 tyrant leeches
  25 hornets
  9 hippogriffs
  7 bog bodies
  7 raiju (Abyss:4)
  A slime creature (shapeshifter) (Depths:4)
  A stone giant simulacrum (Vaults:2)
  A hippogriff (shapeshifter) (Depths:4)
  122 slime creatures
  11 blink frogs
  6 dream sheep (Lair:4)
  20 flying skulls (Crypt:1)
  A centaur simulacrum (D:14)
  69 redbacks
  18 air elementals
  A water elemental (Elf:1)
  6 wraiths
  Sigmund (D:5)
  2 shadows
  A tarantella (shapeshifter) (Vaults:2)
  7 spriggans
  31 tarantellas
  A ynoxinul (Abyss:4)
  A redback (shapeshifter) (Vaults:5)
  5 wyverns
  35 yaks
  A spriggan (shapeshifter) (Depths:4)
  5 fire elementals
  5 basilisks
  A golden eye (shapeshifter) (Vaults:4)
  8 golden eyes
  A fire bat (shapeshifter) (Depths:5)
  20 humans (D:13)
  8 hungry ghosts
  6 steam dragons
  A neqoxec (Abyss:4)
  24 vampire mosquitoes
  5 wargs
  24 soldier ants
  22 swamp worms
  2 swamp worms (shapeshifter)
  4 acid dragons
  A floating eye (shapeshifter) (Vaults:2)
  A soldier ant (shapeshifter) (Vaults:1)
  9 porcupines
  6 hell hounds
  10 water moccasins
  12 ice beasts
  Duvessa (D:7)
  15 swamp drakes
  2 black bears
  3 phantoms
  2 sky beasts
  A black bear (shapeshifter) (Vaults:3)
  56 orc warriors
  11 eyes of draining
  28 boggarts
  13 wolves
  A boggart (shapeshifter) (Vaults:2)
  33 ogres
  24 centaurs
  2 human skeletons
  8 crocodiles
  3 big kobolds
  A big kobold (shapeshifter) (Depths:1)
  3 gnoll sergeants
  3 earth elementals
  16 bullfrogs
  A glowing shapeshifter simulacrum (Depths:4)
  A wyvern skeleton (D:8)
  A wyvern zombie (D:12)
  27 scorpions
  Dowan (D:7)
  10 killer bees
  An orc simulacrum (Vaults:2)
  4 howler monkeys
  22 wights
  2 electric eels
  5 lava snakes (Lair:6)
  2 bullfrog zombies
  6 centaur zombies
  12 crimson imps
  A human simulacrum (Vaults:1)
  3 quasits
  4 jellies
  A gnoll shaman (D:7)
  10 hounds
  32 orc wizards
  30 orc priests
  2 bullfrog skeletons
  3 iron imps
  8 iguanas
  25 worker ants
  2 hound zombies
  2 hound skeletons
  A howler monkey zombie (D:8)
  2 worker ant zombies (D:6)
  13 adders
  22 gnolls
  A howler monkey skeleton (D:6)
  2 shadow imps
  10 white imps
  11 ufetubi
  2 oozes
  An adder zombie (D:9)
  3 adder skeletons
  3 worms
  2 dart slugs
  9 leopard geckos
  120 orcs
  3 ball pythons
  6 bats
  10 giant cockroaches
  5 goblins
  8 hobgoblins
  A jackal (shapeshifter) (Vaults:5)
  9 jackals
  6 quokkas
  4 frilled lizards
  18 kobolds
  A leopard gecko skeleton (D:5)
  A leopard gecko zombie (D:8)
  2 quokka zombies (D:6)
  11 rats
  2 crawling corpses (Elf:1)
  4 fungi (Lair:3)
  A lurking horror (Abyss:4)
2476 creatures vanquished.

Vanquished Creatures (collateral kills)
  An orb of fire (Zot:1)
  the Lernaean hydra (Swamp:4)
  A golden dragon (Depths:2)
  A titan (Vaults:5)
  A sphinx (Vaults:5)
  Frances (Swamp:2)
  2 storm dragons
  A draconian monk (Zot:3)
  A draconian scorcher (Depths:5)
  3 fire giants
  3 vault wardens
  3 emperor scorpions
  A draconian stormcaller (Zot:3)
  A spriggan defender (Depths:5)
  2 stone giants
  An ironheart preserver (Vaults:4)
  7 very ugly things
  2 yellow draconians
  An ettin (Depths:2)
  2 death oozes (Slime:5)
  A minotaur (Lab)
  2 deep elf death magi
  A fire dragon (Depths:2)
  5 vault guards
  A yaktaur captain (Depths:4)
  2 great orbs of eyes (Slime:5)
  A deep elf high priest (Vaults:5)
  3 spriggan air magi (Depths:4)
  3 hydras (Swamp:4)
  6 two-headed ogres (Vaults:2)
  A catoblepas (Lair:6)
  2 ogre magi
  3 centaur warriors
  A tengu warrior (Depths:2)
  2 dancing weapons (Elf:1)
  A deep troll earth mage (Vaults:1)
  3 deep troll shamans
  3 spriggan berserkers
  3 orc high priests
  3 deep elf knights
  3 spriggans (Depths:4)
  A hell knight (Depths:2)
  An iron troll (Depths:5)
  A shadow wraith (Vaults:4)
  A deep elf archer (Vaults:3)
  7 deep trolls
  2 swamp dragons (Swamp:4)
  5 orc knights
  4 ironbrand convokers
  An orb spider (Spider:2)
  7 deep elf magi
  An orc sorcerer (Orc:2)
  12 ugly things
  2 wolf spiders
  3 cyclopes
  A shining eye (Slime:5)
  2 slime creatures (Depths:4)
  A vault sentinel (Vaults:1)
  A yaktaur (Vaults:1)
  2 kobold demonologists (D:11)
  A demonic crawler (Spider:4)
  A tengu conjurer (Depths:4)
  5 meliai
  3 jumping spiders
  3 hornets (Depths:4)
  A bog body (Swamp:2)
  8 redbacks
  3 tarantellas
  A tarantella (shapeshifter) (Vaults:2)
  A basilisk (Lair:6)
  5 yaks (Lair:6)
  3 vampire mosquitoes (D:12)
  10 orc warriors
  An ogre (Orc:2)
  A boggart (Vaults:1)
  2 centaurs (Vaults:1)
  A big kobold (D:11)
  2 scorpions (Spider:1)
  A centaur zombie (D:11)
  A quasit (D:11)
  7 orc priests
  An orc wizard (D:12)
  8 orcs
  A jackal (D:11)
  A kobold (D:11)
213 creatures vanquished.

Vanquished Creatures (others)
  4 stone giants
  4 yaktaur captains
  2 centaur warriors (Depths:4)
  An unseen horror (Vaults:1)
  2 moths of wrath (Zot:5)
  5 yaktaurs
  A jumping spider (Spider:3)
  A raiju (Abyss:4)
  A spriggan (Swamp:2)
  A slave (D:7)
  An ogre (D:7)
  5 centaurs
  2 orc wizards
  An adder (D:7)
  An ufetubus (IceCv)
  6 orcs
  15 fungi
  24 plants (Lair:6)
77 creatures vanquished.

Grand Total: 2766 creatures vanquished

Notes
Turn   | Place    | Note
-------+----------+-------------------------------------------
     0 | D:1      | UnbalancedOne the Minotaur Fighter began the quest for the Orb.
     0 | D:1      | Reached XP level 1. HP: 19/19 MP: 0/0
    49 | D:1      | Reached XP level 2. HP: 25/27 MP: 1/1
   384 | D:1      | Reached skill level 4 in Fighting
   568 | D:1      | Reached XP level 3. HP: 26/33 MP: 2/2
   965 | D:2      | Found a sparkling altar of Nemelex Xobeh.
  1077 | D:2      | Reached XP level 4. HP: 16/40 MP: 3/3
  1080 | D:2      | Reached skill level 1 in Dodging
  1392 | D:2      | Found a white marble altar of Elyvilon.
  2060 | D:3      | Noticed Grinder
  2062 | D:3      | Paralysed by Grinder for 6 turns
  2651 | D:4      | Noticed heteroy's ghost (novice DEAM)
  2654 | D:4      | Noticed a phantom
  2669 | D:3      | Paralysed by Grinder for 5 turns
  2695 | D:4      | HP: 2/40 [heteroy's ghost (1)]
  2697 | D:4      | Killed heteroy's ghost
  2697 | D:4      | Reached skill level 5 in Maces & Flails
  2697 | D:4      | Reached skill level 5 in Shields
  2697 | D:4      | Reached XP level 5. HP: 3/47 MP: 1/4
  2697 | D:4      | Reached XP level 6. HP: 4/53 MP: 1/5
  2761 | D:5      | Entered Level 5 of the Dungeon
  3034 | D:4      | Reached skill level 5 in Armour
  3119 | D:4      | Reached skill level 1 in Stealth
  3119 | D:4      | Reached XP level 7. HP: 15/60 MP: 6/6
  3723 | D:4      | You fall through a shaft for 3 floors!
  3723 | D:7      | Noticed Duvessa
  3723 | D:7      | Noticed Dowan
  3723 | D:7      | Noticed Joseph
  3731 | D:7      | Noticed Pikel
  3973 | D:5      | Got a twitching bone ring
  3974 | D:5      | Identified the ring "Alutor" {rPois Int+5 SInv} (You found it on level 5 of the Dungeon)
  3982 | D:5      | Found a large runed door.
  3982 | D:5      | Found a large runed door.
  4022 | D:5      | Found a large runed door.
  4022 | D:5      | Found a large runed door.
  4037 | D:5      | Reached skill level 5 in Fighting
  4261 | D:5      | Reached XP level 8. HP: 57/68 MP: 7/7
  4270 | D:5      | Noticed Sigmund
  4604 | D:5      | Noticed a hippogriff
  4614 | D:5      | Killed a hippogriff
  4646 | D:5      | Found a staircase to the Ecumenical Temple.
  4655 | Temple   | Entered the Ecumenical Temple
  4690 | Temple   | Became a worshipper of Trog the Wrathful
  4996 | D:5      | Killed Sigmund
  5153 | D:5      | Got brightly glowing ice dragon scales
  5198 | D:5      | Identified the +7 ice dragon scales of Nicawn {*Slow rF- rC++ rN+++ Regen+ Int-4} (You found it on level 5 of the Dungeon)
  5551 | D:6      | Reached * piety under Trog
  5579 | D:6      | Reached XP level 9. HP: 74/74 MP: 8/8
  5628 | D:6      | Found Hima's Armour Boutique.
  6267 | D:7      | Killed Dowan
  6267 | D:7      | Reached skill level 6 in Fighting
  6304 | D:7      | Killed Duvessa
  6340 | D:7      | Killed Joseph
  6340 | D:7      | Reached skill level 10 in Maces & Flails
  6542 | D:7      | Killed Pikel
  6542 | D:7      | Reached skill level 7 in Fighting
  6675 | D:7      | Reached skill level 10 in Shields
  6676 | D:7      | Noticed Prince Ribbit
  6685 | D:7      | Killed Prince Ribbit
  6685 | D:7      | Reached ** piety under Trog
  6854 | D:7      | Reached XP level 10. HP: 70/86 MP: 9/9
  7519 | D:8      | Noticed a two-headed ogre
  7761 | D:8      | Found a staircase to the Lair.
  7897 | D:8      | Killed a two-headed ogre
  7897 | D:8      | Reached skill level 8 in Fighting
  7924 | D:8      | Found a burning altar of Makhleb.
  8112 | D:9      | Reached *** piety under Trog
  8773 | D:10     | Entered Level 10 of the Dungeon
  8962 | D:10     | Noticed a gargoyle
  8984 | D:10     | Killed a gargoyle
  9009 | D:10     | Reached XP level 11. HP: 95/95 MP: 10/10
  9555 | Lair:1   | Entered Level 1 of the Lair of Beasts
  9693 | Lair:1   | Found a dark tunnel.
  9842 | Lair:1   | Reached skill level 9 in Fighting
 10045 | Lair:1   | Found a frozen archway.
 10060 | Lair:1   | Reached **** piety under Trog
 10107 | IceCv    | Entered an ice cave
 10428 | IceCv    | Noticed a reaper
 10477 | IceCv    | Killed a reaper
 10477 | IceCv    | Reached skill level 10 in Armour
 11453 | Lair:2   | Reached skill level 10 in Fighting
 11579 | Lair:2   | Reached ***** piety under Trog
 11738 | Lair:2   | Noticed an eight-headed hydra
 11760 | Lair:2   | Killed an eight-headed hydra
 11760 | Lair:2   | Reached XP level 12. HP: 106/106 MP: 9/11
 12791 | Lair:3   | Noticed Fannar
 13027 | Lair:3   | Found a staircase to the Swamp.
 13044 | Lair:3   | Noticed a death yak
 13046 | Lair:3   | Noticed a death yak
 13094 | Lair:3   | Killed a death yak
 13100 | Lair:3   | Killed a death yak
 13184 | Lair:3   | You fall through a shaft for 3 floors!
 13184 | Lair:6   | Entered Level 6 of the Lair of Beasts
 13225 | Lair:6   | Reached skill level 11 in Fighting
 13255 | Lair:6   | Reached skill level 15 in Shields
 13321 | Lair:6   | Noticed a seven-headed hydra
 13329 | Lair:6   | Killed a seven-headed hydra
 13350 | Lair:6   | Received a gift from Trog
 13393 | Lair:6   | Noticed Gazorpazorpfield's ghost (journeyman MiFi)
 13678 | Lair:6   | Noticed a four-headed hydra
 13688 | Lair:6   | Killed a four-headed hydra
 13732 | Lair:5   | Reached XP level 13. HP: 103/116 MP: 10/12
 13745 | Lair:4   | Found a hole to the Spider Nest.
 13767 | Lair:4   | Found a labyrinth entrance.
 13777 | Lab      | Entered a labyrinth
 14632 | Lab      | Got a vibrating bronze ring
 14717 | Lab      | Noticed a minotaur
 14723 | Lab      | Killed a minotaur
 14726 | Lab      | Got a vibrating copper ring
 14745 | Lab      | Identified the ring "Wedgh" {rN++ Str+5 Dex+5} (You took it off a minotaur in a labyrinth)
 15062 | Lair:3   | Killed Fannar
 15174 | Lair:3   | Got a scorched lapis lazuli ring
 15536 | Lair:4   | Found a bloodstained altar of Trog.
 15659 | Lair:4   | Found a runed door.
 17052 | Lair:5   | Reached skill level 12 in Fighting
 17391 | Lair:6   | Reached skill level 15 in Maces & Flails
 17420 | Lair:6   | Noticed an entropy weaver
 17421 | Lair:6   | Noticed an entropy weaver
 18038 | D:11     | Received a gift from Trog
 18043 | D:11     | Identified the ring "Hoavawah" {+Fly Str+3 Int+4 Stlth-} (You found it on level 3 of the Lair of Beasts)
 18052 | D:11     | Identified Keheecs's Papyrus of the Compass and Clay
 18139 | D:11     | Reached skill level 5 in Dodging
 18222 | D:11     | Found a staircase to the Orcish Mines.
 18883 | D:11     | Identified the cursed ring of Lug Seqest {*Contam rC++ Str+3 Int-4} (You found it in a labyrinth)
 18953 | D:11     | Gained mutation: You are frail. (-10% HP) [mutagenic glow]
 19155 | D:12     | Received a gift from Trog
 19374 | D:12     | Got a twitching lapis lazuli ring
 19665 | D:12     | Reached XP level 14. HP: 114/114 MP: 13/13
 19681 | D:12     | Noticed Collect0em0all's ghost (journeyman GrMo)
 19712 | D:12     | Killed Collect0em0all's ghost
 19948 | D:12     | Identified the ring of the Sun {*Tele rN+ Str+2 Dex+3} (You found it on level 12 of the Dungeon)
 20102 | D:6      | Bought a +0 large shield for 49 gold pieces
 20234 | Orc:1    | Entered Level 1 of the Orcish Mines
 20874 | Orc:1    | Found Yxuhu's Distillery.
 21133 | Orc:2    | Entered Level 2 of the Orcish Mines
 21197 | Orc:2    | Noticed an orc warlord
 21217 | Orc:2    | Killed an orc warlord
 21392 | Orc:2    | Found a staircase to the Elven Halls.
 21872 | Orc:2    | Found a roughly hewn altar of Beogh.
 21953 | Orc:2    | Reached skill level 13 in Fighting
 22375 | Orc:2    | Found Qeatapt's Antique Armour Shoppe.
 22389 | Orc:2    | Found Pioqirph's General Store.
 22389 | Orc:2    | Found Fojailae's Jewellery Shoppe.
 22390 | Orc:2    | Found Cerap's Antique Weapon Emporium.
 22406 | Orc:2    | Bought a scroll of holy word for 105 gold pieces
 22415 | Orc:2    | Bought a pair of glowing gloves for 202 gold pieces
 22415 | Orc:2    | Bought a glowing plate armour for 702 gold pieces
 22416 | Orc:2    | Bought a translucent hand crossbow for 246 gold pieces
 22460 | Orc:2    | Identified the +9 hand crossbow of Vengeance {velocity, MR+ Str+3} (You bought it in a shop on level 2 of the Orcish Mines)
 23225 | Orc:2    | Reached skill level 1 in Crossbows
 23620 | Swamp:1  | Entered Level 1 of the Swamp
 23859 | Swamp:1  | Received a gift from Trog
 24013 | Swamp:1  | Got a glittering jade ring
 24526 | Swamp:2  | Noticed Frances
 24547 | Swamp:2  | Killed Frances
 24836 | Swamp:2  | Reached skill level 5 in Crossbows
 25058 | Swamp:2  | Identified the ring of Ymeiw {+Blink rElec MR++ MP-9 AC+2} (You found it on level 1 of the Swamp)
 26265 | D:13     | Reached XP level 15. HP: 123/123 MP: 0/14
 26900 | D:13     | Reached skill level 14 in Fighting
 27030 | D:13     | Received a gift from Trog
 27159 | D:13     | Found a gate to the Vaults.
 27766 | Lair:6   | Killed Gazorpazorpfield's ghost
 27974 | Lair:6   | Found a runed door.
 27976 | Lair:6   | Found a viscous altar of Jiyva.
 27978 | Lair:6   | Found a staircase to the Slime Pits.
 28057 | Lair:6   | Found a large runed door.
 28057 | Lair:6   | Found a large runed door.
 28538 | Lair:6   | Received a gift from Trog
 29711 | Orc:2    | Received a gift from Trog
 29718 | Elf:1    | Entered Level 1 of the Elven Halls
 30093 | Elf:1    | Reached skill level 10 in Crossbows
 30278 | Elf:1    | Reached skill level 15 in Armour
 30366 | Elf:1    | Reached XP level 16. HP: 44/132 MP: 2/15
 30655 | Elf:1    | Found Ituomina's Jewellery Emporium.
 30673 | Elf:1    | Bought the amulet of Rifomuso {rF+ MR++ Regen+ Int-2 Stlth+} for 816 gold pieces
 31326 | Elf:1    | Received a gift from Trog
 31461 | Elf:1    | Got ancient swamp dragon scales
 31462 | Elf:1    | Identified the cursed +1 swamp dragon scales of Sorcery {rPois Int+7 Slay+5 Stlth-} (You found it on level 1 of the Elven Halls)
 31549 | Elf:1    | Reached skill level 15 in Fighting
 31782 | Elf:1    | Found a roughly hewn altar of Beogh.
 32431 | Elf:2    | Found Dothrol's Food Shop.
 32462 | Elf:2    | Found Lytow's Gadget Shop.
 32492 | Elf:2    | Received a gift from Trog
 32880 | Elf:2    | Found a runed door.
 32902 | Elf:2    | Found a runed door.
 33684 | Swamp:3  | Noticed a thorn hunter
 33690 | Swamp:3  | Killed a thorn hunter
 34264 | Swamp:4  | Entered Level 4 of the Swamp
 34510 | Swamp:4  | Received a gift from Trog
 34839 | Swamp:4  | Reached XP level 17. HP: 142/142 MP: 2/16
 34871 | Swamp:4  | Noticed the 27-headed Lernaean hydra
 35043 | Swamp:4  | Killed the 26-headed Lernaean hydra
 35093 | Swamp:4  | Reached skill level 16 in Fighting
 35128 | Swamp:4  | Got a decaying rune of Zot
 36158 | D:14     | Received a gift from Trog
 36497 | D:14     | Found an iron altar of Okawaru.
 36725 | D:15     | Entered Level 15 of the Dungeon
 36792 | D:15     | Received a gift from Trog
 37123 | D:15     | Found a staircase to the Depths.
 37905 | Elf:3    | Entered Level 3 of the Elven Halls
 38078 | Elf:3    | Noticed Donald
 38099 | Elf:3    | Killed Donald
 39587 | Elf:3    | Received a gift from Trog
 40325 | Spider:1 | Entered Level 1 of the Spider Nest
 40489 | Spider:1 | Noticed Agnes
 40500 | Spider:1 | Killed Agnes
 41168 | Spider:1 | Reached XP level 18. HP: 151/151 MP: 2/17
 41636 | Spider:1 | Received a gift from Trog
 41666 | Spider:1 | Reached skill level 17 in Fighting
 43375 | Spider:3 | Noticed CabbageHands's ghost (adept TeGl)
 43383 | Spider:3 | Killed CabbageHands's ghost
 43740 | Spider:3 | Received a gift from Trog
 43854 | Spider:3 | Noticed Arachne
 43876 | Spider:3 | Killed Arachne
 44615 | Spider:4 | Entered Level 4 of the Spider Nest
 44672 | Spider:4 | Received a gift from Trog
 45174 | Spider:4 | Reached skill level 18 in Fighting
 45493 | Spider:4 | Got a gossamer rune of Zot
 45596 | Spider:4 | Received a gift from Trog
 46367 | Elf:2    | Reached XP level 19. HP: 161/161 MP: 9/18
 46454 | Elf:2    | HP: 3/161 [glaive of venom (17)]
 47526 | Vaults:1 | Entered Level 1 of the Vaults
 47973 | Vaults:1 | Found Fafewn's Antique Weapon Shoppe.
 48346 | Vaults:1 | Received a gift from Trog
 48407 | Vaults:1 | Reached skill level 19 in Fighting
 48492 | Vaults:1 | Received a gift from Trog
 48799 | Vaults:1 | Identified a scroll of acquirement
 48801 | Vaults:1 | Got a pair of slimy gloves
 48802 | Vaults:1 | Identified the +1 pair of gloves of Lugonu's Pride {*Contam rPois Str-5 Stlth+} (You acquired it on level 1 of the Vaults)
 48934 | Vaults:1 | Received a gift from Trog
 49339 | Vaults:1 | Received a gift from Trog
 49649 | Vaults:2 | Found Guti's Antique Armour Emporium.
 49679 | Vaults:2 | Bought a pair of glowing gloves for 292 gold pieces
 50138 | Vaults:2 | Reached XP level 20. HP: 138/171 MP: 10/19
 50166 | Vaults:2 | Received a gift from Trog
 50247 | Vaults:2 | Reached skill level 10 in Dodging
 50555 | Vaults:2 | Received a gift from Trog
 51353 | Vaults:3 | Reached skill level 20 in Fighting
 51651 | Vaults:3 | Received a gift from Trog
 52027 | Vaults:3 | Received a gift from Trog
 52130 | Vaults:3 | Found a staircase to the Crypt.
 52130 | Vaults:3 | Found an ancient bone altar of Kikubaaqudgha.
 52130 | Vaults:3 | Found a basalt altar of Yredelemnul.
 52326 | Vaults:3 | Received a gift from Trog
 52695 | Vaults:3 | Reached ****** piety under Trog
 53869 | Vaults:4 | Received a gift from Trog
 54388 | Vaults:4 | Reached XP level 21. HP: 182/182 MP: 11/20
 54482 | Vaults:4 | Gained mutation: You are weak. (Str -2) [a neqoxec]
 54485 | Vaults:4 | Reached skill level 21 in Fighting
 54495 | Vaults:4 | Received a gift from Trog
 55082 | Depths:1 | Entered Level 1 of the Depths
 55296 | Depths:1 | Found Giavex's Changing Room.
 55342 | Depths:1 | Found a glowing silver altar of Zin.
 55349 | Depths:1 | Found a gateway to Hell.
 55412 | Depths:1 | Found a gateway to a ziggurat.
 55717 | Depths:1 | Found a portal to a secret trove of treasure.
 55790 | Depths:1 | Found a one-way gate leading to the halls of Pandemonium.
 55863 | Depths:1 | You paid a toll of a +5 demon whip to enter a treasure trove
 55864 | Trove    | Entered a treasure trove
 55887 | Trove    | Got a pair of bloodstained boots
 55891 | Trove    | Got a bloodstained cloak
 55896 | Trove    | Got a pair of heavily runed gloves
 55934 | Depths:1 | Identified the +0 pair of boots of the Lily {Str+2} (You found it in a treasure trove)
 55945 | Depths:1 | Identified the +1 cloak of Bemyev {rF- MR++ Dex+3 SInv} (You found it in a treasure trove)
 56011 | Depths:1 | Identified a +1 pair of boots of running (You found it in a treasure trove)
 56513 | Depths:1 | Received a gift from Trog
 57053 | Depths:2 | Received a gift from Trog
 57156 | Depths:2 | Received a gift from Trog
 57603 | Depths:2 | Identified the +2 pair of gloves of Makhleb's Outrage {rElec Slay+2 SInv} (You found it in a treasure trove)
 58136 | Depths:2 | Reached skill level 22 in Fighting
 58240 | Depths:2 | Reached skill level 15 in Crossbows
 58301 | Depths:2 | Reached XP level 22. HP: 193/193 MP: 12/21
 58318 | Depths:2 | Received a gift from Trog
 58417 | Depths:2 | Noticed a golden dragon
 58423 | Depths:2 | Killed a golden dragon
 58762 | Depths:3 | Noticed Jory
 58784 | Depths:3 | Killed Jory
 59173 | Depths:3 | Received a gift from Trog
 59202 | Depths:3 | Found Sajijocu's Antique Armour Shoppe.
 59202 | Depths:3 | Found Onkitido's Food Emporium.
 59203 | Depths:3 | Found Geissed's Gadget Emporium.
 59212 | Depths:3 | Found Lucyl's Antique Weapon Shoppe.
 59514 | Depths:3 | Noticed a juggernaut
 59533 | Depths:3 | Killed a juggernaut
 60227 | D:12     | Received a gift from Trog
 60480 | Slime:1  | Entered Level 1 of the Pits of Slime
 60621 | Slime:1  | Gained mutation: Your body sometimes deteriorates upon taking damage. [a shining eye]
 60624 | Slime:1  | Received a gift from Trog
 61836 | Slime:3  | Reached skill level 23 in Fighting
 61904 | Slime:4  | Received a gift from Trog
 62140 | Slime:5  | Entered Level 5 of the Pits of Slime
 62372 | Slime:5  | Received a gift from Trog
 62605 | Slime:5  | Found a viscous altar of Jiyva.
 62605 | Slime:5  | Noticed the Royal Jelly
 62695 | Slime:5  | Reached XP level 23. HP: 177/204 MP: 22/22
 62713 | Slime:5  | Gained mutation: You are dopey. (Int -2) [a shining eye]
 62992 | Slime:4  | Received a gift from Trog
 64168 | Depths:4 | Found a one-way gate to the infinite horrors of the Abyss.
 64998 | Depths:4 | Received a gift from Trog
 65302 | Depths:4 | Received a gift from Trog
 65546 | Depths:4 | Noticed Frederick
 65568 | Depths:4 | Killed Frederick
 65568 | Depths:4 | Reached skill level 24 in Fighting
 66246 | Depths:5 | Entered Level 5 of the Depths
 66246 | Depths:5 | Noticed Jorgrun
 66255 | Depths:5 | Killed Jorgrun
 66255 | Depths:5 | Received a gift from Trog
 66425 | Depths:5 | Found a gate to the Realm of Zot.
 66797 | Depths:5 | Noticed the Enchantress
 67205 | Depths:5 | Noticed Margery
 67311 | Depths:5 | Killed the Enchantress
 67311 | Depths:5 | Reached XP level 24. HP: 215/215 MP: 7/22
 67634 | Depths:5 | Killed Margery
 67634 | Depths:5 | Received a gift from Trog
 67956 | Depths:5 | Got an encrusted hat
 67957 | Depths:5 | Identified the +0 hat "Tovixif" {Stlth+} (You acquired it on level 5 of the Depths)
 68173 | Depths:5 | Upgraded the game from 0.20.0-4-g10b340a to 0.20.0-7-g3b7b877
 68646 | Vaults:5 | Entered Level 5 of the Vaults
 68741 | Vaults:4 | Received a gift from Trog
 69036 | Vaults:5 | Reached skill level 25 in Fighting
 69038 | Vaults:5 | Noticed Bai Suzhen
 69382 | Vaults:4 | Received a gift from Trog
 69868 | Vaults:4 | Killed Bai Suzhen
 69967 | Vaults:4 | Received a gift from Trog
 70059 | Vaults:4 | Got an emerald-studded chain mail
 70060 | Vaults:4 | Identified the +6 chain mail "Awaivvoi" {MP+9} (You took it off a vault warden on level 4 of the Vaults)
 70718 | Vaults:5 | Received a gift from Trog
 70761 | Vaults:5 | Reached XP level 25. HP: 225/225 MP: 12/22
 70888 | Vaults:5 | Noticed an ancient lich
 70904 | Vaults:5 | Killed an ancient lich
 70904 | Vaults:5 | Received a gift from Trog
 71147 | Vaults:5 | Identified the Compendium of Creative Sinister Magic
 71157 | Vaults:5 | Cast into level 4 of the Abyss (tengu reaver)
 71437 | Abyss:4  | Reached skill level 26 in Fighting
 71439 | Abyss:4  | Received a gift from Trog
 71708 | Vaults:5 | Escaped the Abyss
 71842 | Vaults:5 | Got a silver rune of Zot
 72138 | Vaults:5 | Found Ippao's Food Emporium.
 72303 | Crypt:1  | Entered Level 1 of the Crypt
 72355 | Crypt:1  | Received a gift from Trog
 72429 | Crypt:1  | Received a gift from Trog
 73358 | Zot:1    | Entered Level 1 of the Realm of Zot
 73443 | Zot:1    | Noticed an orb of fire
 73447 | Zot:1    | Gained mutation: You occasionally shout uncontrollably at your foes. [an orb of fire]
 73452 | Zot:1    | Gained mutation: You sometimes yell uncontrollably at your foes. [an orb of fire]
 73460 | Zot:1    | Killed an orb of fire
 73708 | Zot:1    | Received a gift from Trog
 74786 | Zot:3    | Reached XP level 26. HP: 175/236 MP: 10/22
 75791 | Zot:3    | Reached skill level 27 in Fighting
 75966 | Zot:4    | Received a gift from Trog
 76038 | Zot:4    | Received a gift from Trog
 76304 | Zot:5    | Entered Level 5 of the Realm of Zot
 76733 | Zot:5    | Noticed an ancient lich
 76741 | Zot:5    | Noticed an ancient lich
 76744 | Zot:5    | Killed an ancient lich
 76754 | Zot:5    | Killed an ancient lich
 76754 | Zot:5    | Received a gift from Trog
 76907 | Zot:5    | Noticed an orb of fire
 76916 | Zot:5    | Gained mutation: You are very frail. (-20% HP) [an orb of fire]
 76919 | Zot:5    | Gained mutation: Scrolls take you a little longer to read. [an orb of fire]
 76924 | Zot:5    | Gained mutation: You expend magic power (3 MP) to strengthen your wands. [an orb of fire]
 76929 | Zot:5    | Noticed an orb of fire
 76940 | Zot:5    | Killed an orb of fire
 76949 | Zot:5    | Killed an orb of fire
 76953 | Zot:5    | Noticed an ancient lich
 76956 | Zot:5    | HP: 8/211 [Orb Guardian (13)]
 76960 | Zot:5    | Killed from afar by an ancient lich

Skill      XL: |  1  2  3  4  5  6  7  8  9 10 11 12 13 14 15 16 17 18 19 20 21 22 23 24 25 26 |
---------------+-------------------------------------------------------------------------------+-----
Shields        | 4 5 6 8 10 12 14 15 16 17 18 20 21 22 23 24 25 | 25.8
Fighting       | 4 5 7 8 10 11 12 13 14 15 16 18 19 20 22 23 24 25 26 27 | 27.0
Maces & Flails | 3 5 6 7 9 10 11 12 13 15 16 18 20 22 | 22.3
Armour         | 4 5 6 7 9 10 11 12 13 15 16 17 18 19 20 21 22 23 | 23.2
Dodging        | 1 2 5 6 8 9 11 12 | 12.6
Stealth        | 1 |  1.0
Crossbows      | 6 10 12 14 15 16 17 18 19 | 19.0

Action                   |  1- 3 |  4- 6 |  7- 9 | 10-12 | 13-15 | 16-18 | 19-21 | 22-24 | 25-27 || total
-------------------------+-------+-------+-------+-------+-------+-------+-------+-------+-------++-------
Melee: Flail             |    89 |   130 |   375 |       |       |       |       |       |       ||   594
       Headbutt          |    10 |    15 |    72 |   197 |   464 |   434 |    52 |   282 |   262 ||  1788
       Whip              |       |       |    33 |   950 |   670 |       |       |       |       ||  1653
       Morningstar       |       |       |       |       |   847 |  1233 |   147 |   754 |   332 ||  3313
       Hand crossbow     |       |       |       |       |     1 |    18 |    48 |       |       ||    67
       Eveningstar       |       |       |       |       |       |   198 |       |       |   475 ||   673
 Fire: Hand crossbow     |       |       |       |       |   105 |   317 |  1741 |  1201 |   153 ||  3517
Invok: Burn Spellbooks   |       |       |     1 |     1 |     3 |     4 |     5 |     2 |     5 ||    21
       Berserk           |       |       |       |     6 |     9 |     6 |     2 |    16 |    16 ||    55
       Brothers in Arms  |       |       |       |       |    21 |    32 |    17 |    28 |     6 ||   104
       Trog's Hand       |       |       |       |       |     3 |     2 |       |     2 |     1 ||     8
Evoke: Wand              |       |       |       |       |       |       |       |       |     1 ||     1
  Use: Scroll            |     1 |     2 |    11 |     5 |    13 |    15 |    15 |    28 |     6 ||    96
       Potion            |       |     2 |     3 |     1 |     5 |    11 |     6 |    10 |     2 ||    40
 Stab: Distracted        |       |       |       |       |     2 |     2 |       |     3 |     2 ||     9
       Invisible         |       |       |       |       |     2 |       |       |       |       ||     2
       Confused          |       |       |       |       |     1 |       |       |       |       ||     1
       Petrified         |       |       |       |       |     1 |       |       |       |       ||     1
  Eat: Bread ration      |     1 |     1 |     1 |     4 |     1 |       |     3 |     5 |     4 ||    20
       Royal jelly       |       |       |     2 |       |     2 |     2 |       |     2 |     1 ||     9
       Fruit             |       |       |     4 |       |     6 |    12 |       |       |       ||    22
       Chunk             |       |       |       |     4 |    71 |       |       |       |       ||    75
       Meat ration       |       |       |       |     1 |     2 |    10 |     6 |     9 |     3 ||    31
Armor: Scale mail        |    37 |    39 |       |    35 |       |       |       |       |       ||   111
       Chain mail        |       |    20 |   147 |   111 |   150 |       |       |       |       ||   428
       Ice dragon scales |       |       |       |    50 |       |       |       |       |       ||    50
       Plate armour      |       |       |       |       |   202 |   753 |   255 |   502 |       ||  1712
       Crystal plate arm |       |       |       |       |       |       |   127 |    87 |   209 ||   423
Dodge: Dodged            |    26 |    27 |    72 |   139 |   280 |   451 |   308 |   549 |   173 ||  2025
       Deflected         |       |       |       |       |       |       |    12 |    52 |    24 ||    88
Block: Shield            |    52 |    54 |   208 |   363 |   257 |       |   242 |  1356 |   662 ||  3194
       Buckler           |       |       |       |     3 |       |       |       |       |       ||     3
       Large shield      |       |       |       |       |   818 |  1859 |  1078 |       |       ||  3755
       Reflection        |       |       |       |       |       |       |    32 |    78 |    19 ||   129
